 Dungeon Crawl Stone Soup version 0.23-a0-46-g8441a8a (webtiles) character file.

16 BigChef the Magician (level 2, 0/17 HPs)
             Began as an Octopode Wizard on Aug 5, 2018.
             Succumbed to an adder's poison
             ... on level 2 of the Dungeon.
             The game lasted 00:10:15 (1229 turns).

BigChef the Magician (Octopode Wizard)              Turns: 1229, Time: 00:10:15

Health: 0/17       AC:  1    Str:  6    XL:     2   Next: 54%
Magic:  4/6        EV: 10    Int: 20    God:
Gold:   69         SH:  5    Dex: 10    Spells: 6/7 levels left

rFire    x . .     SeeInvis .   d - +0 whip
rCold    + . .     Gourm    .   g - +0 shield
rNeg     . . .     Faith    .   a - +0 hat
rPois    .         Spirit   .   (no amulet)
rElec    .         Reflect  .   b - ring of ice
rCorr    .         Harm     .   (no ring)
MR       .....                  (no ring)
Stlth    +++.......             (no ring)
HPRegen  0.05/turn              (no ring)
MPRegen  0.10/turn              (no ring)
                                (no ring)
                                (no ring)

@: lethally poisoned (0 -> -5), berserk cooldown, very slightly contaminated,
slowed, very slow
A: almost no armour, stealthy swim, amphibious, 8 rings, constrict 8, camouflage
1, gelatinous body 1
a: no special abilities


You were on level 2 of the Dungeon.
You were hungry.

You visited 1 branch of the dungeon, and saw 2 of its levels.

You collected 69 gold pieces.

Inventory:

Hand Weapons
 d - a +0 whip (weapon)
Missiles
 e - 15 stones (quivered)
 k - 17 poisoned needles
Armour
 a - a +0 hat (worn)
 g - a +0 shield (worn)
Jewellery
 b - a ring of ice (left tentacle)
Scrolls
 h - 2 scrolls of identify {unknown}
 l - 3 scrolls of random uselessness {unknown}
Potions
 i - a potion of mutation {unknown}
 j - a potion of heal wounds {unknown}
Comestibles
 c - a ration


   Skills:
 + Level 0.1 Fighting
 + Level 2.0 Dodging
 + Level 2.9 Stealth
 + Level 3.4 Spellcasting
 + Level 1.3 Conjurations
   Level 1.0 Summonings
   Level 1.0 Translocations


You had 6 spell levels left.
You knew the following spells:

 Your Spells              Type           Power        Failure   Level  Hunger
a - Magic Dart            Conj           #...         50%         1    None

Your spell library contained the following spells:

 Spells                   Type           Power        Failure   Level  Hunger
 Conjure Flame            Conj/Fire      #.......     91%         3    ###....
 Slow                     Hex            #.......     82%         2    ##.....
 Mephitic Cloud           Conj/Pois/Air  #.......     94%         3    ###....
 Blink                    Tloc           N/A          67%         2    ##.....
 Call Imp                 Summ           #.......     67%         2    ##.....


Dungeon Overview and Level Annotations

Branches:
Dungeon (2/15)

Altars:


Innate Abilities, Weirdness & Mutations

You cannot wear most types of armour.
You are very stealthy in the water. (Stealth+)
You are amphibious.
You can wear up to eight rings at the same time.
You can use your tentacles to constrict eight enemies at once.
Your skin changes colour to match your surroundings (Stealth+).
Your rubbery body absorbs attacks. (AC +1, EV +1)


Message History

You miscast Magic Dart.
Nothing appears to happen.
The adder bites you. x2
The adder bites you.
* * * LOW HITPOINT WARNING * * *
You see here a rat corpse.
The adder bites you.
* * * LOW HITPOINT WARNING * * *
You block the adder's attack. The adder closely misses you.
It was a potion of berserk rage.
A red film seems to cover your vision as you go berserk!
You feel yourself moving faster!
You feel mighty! The adder misses you.
You feel a strong urge to attack something.
You feel your anger nearly subside.
You are no longer berserk.
You are exhausted.
You feel yourself slow down. The adder bites you.
* * * LOW HITPOINT WARNING * * *
You are lethally poisoned!
The adder poisons you!
You die...

#.# .# #.# #.# ..
#.# #.# #.# #.# #.#
#.# #.# #.# #.# #.#
#.#
#.###############.##
#..S.@.............#
####################


You could see an adder.

Vanquished Creatures
  A dart slug (D:1)
  A giant cockroach (D:1)
  2 goblins (D:1)
  4 hobgoblins (D:1)
  A bat (D:1)
  A frilled lizard (D:1)
  A kobold (D:1)
  2 rats
13 creatures vanquished.

Notes
Turn   | Place    | Note
-------+----------+-------------------------------------------
     0 | D:1      | BigChef the Octopode Wizard began the quest for the Orb.
     0 | D:1      | Reached XP level 1. HP: 11/11 MP: 4/4
     4 | D:1      | Noticed an electric eel
   465 | D:1      | Reached XP level 2. HP: 17/17 MP: 1/6
  1229 | D:2      | Succumbed to an adder's poison

Vault maps used:
D:1:      arrival_aquarium_a, minmay_pentomino_w4
D:2:      minmay_tree_intersection

Action                   || total
-------------------------++-------
Melee: Whip              ||    13
       Constrict         ||     1
       Tentacles         ||     1
 Cast: Magic Dart        ||    28
  Use: Potion            ||     1
 Stab: Sleeping          ||     1
Dodge: Dodged            ||     6
Block: Shield            ||     6

Table legend:
 A = Spawn XP
 B = Non-spawn XP
 C = Spawn XP percentage of total XP
 D = Spawn monster count
 E = Non-spawn monster count
 F = Spawn count percentage of total count
 G = Total turns spent on level
                    A         B        C        D         E        F      G
               +---------+---------+-------+---------+---------+-------+---------
         Total |       0 |      23 |   0.0 |       0 |      13 |   0.0 |  1229
               +---------+---------+-------+---------+---------+-------+---------
           D:1 |       0 |      22 |   0.0 |       0 |      12 |   0.0 |  1088
           D:2 |       0 |       1 |   0.0 |       0 |       1 |   0.0 |   141
               +---------+---------+-------+---------+---------+-------+---------
